WCHLSIM.com - West Coast Hockey League
html PUBLIC "-//W3C//DTD XHTML 1.0 Transitional//EN" "http://www.w3.org/TR/xhtml1/DTD/xhtml1-transitional.dtd"> WCHL - Game 235 - UTAH ICE BEARS vs SACRAMENTO BANDITS

UTAH ICE BEARS vs SACRAMENTO BANDITS

Created - 8 novembre 2019 at 17:34

Goals
1 2 3 T
UTAH ICE BEARS 1 0 0 1
SACRAMENTO BANDITS 2 3 2 7
Shots
1 2 3 T
UTAH ICE BEARS 4 8 3 15
SACRAMENTO BANDITS 12 22 13 47

1st period

1. SACRAMENTO BANDITS , Jakub Voracek 5 (Ivan Provorov 2, Claude Giroux 12) at 0:41
2. SACRAMENTO BANDITS , Vince Dunn 3 (Claude Giroux 13, Jonathan Huberdeau 11) at 10:50
3. UTAH ICE BEARS , Artem Anisimov 1 (Kevin Shattenkirk 6) at 11:06

Penalties :
Jujhar Khaira (SAC) for Slashing (Minor) at 2:28, Dominic Toninato (UTA) for Hooking (Minor) at 4:54, Jamie Benn (SAC) for Hooking (Minor) at 8:23, Kevin Shattenkirk (UTA) for Interference (Minor) at 14:10

2nd period

4. SACRAMENTO BANDITS , Mattias Ekholm 2 (Claude Giroux 14, John Carlson 5) at 1:40 (PP)
5. SACRAMENTO BANDITS , Claude Giroux 6 (Jonathan Huberdeau 12, Aaron Ekblad 4) at 3:15
6. SACRAMENTO BANDITS , Claude Giroux 7 (Ivan Provorov 3) at 18:41

Penalties :
Ondrej Vala (UTA) for Interference (Minor) at 0:17

3rd period

7. SACRAMENTO BANDITS , Jonathan Huberdeau 7 (John Carlson 6, Claude Giroux 15) at 11:26
8. SACRAMENTO BANDITS , Aleksander Barkov 7 (Jamie Benn 6, Nikolaj Ehlers 6) at 14:17 (PP)

Penalties :
Andrew Mangiapane (UTA) for Tripping (Minor) at 0:33, Troy Stecher (UTA) for Holding (Minor) at 13:15

Goalie Stats

Ben Bishop (UTA), 12 saves from 14 shots - (0,857), 21:19 minutes
Connor Ingram (UTA), 28 saves from 33 shots - (0,848), L, 1-4-1, 38:41 minutes
Andrei Vasilevskiy (SAC), 14 saves from 15 shots - (0,933), W, 9-3-1, 60:00 minutes

Players Stats for UTAH ICE BEARS

Player Name              G  A  P  +/- PIM S  H  SB GA TA FO     MP     PP MP  PK MP  
------------------------------------------------------------------------------------
Adam Mascherin           0  0  0   0  0   0  0  0  0  0  0/0     5:12   0:00   0:38 
Alex Galchenyuk          0  0  0  -1  0   2  1  0  0  0  10/19  14:17   0:00   0:00 
Andrew Mangiapane        0  0  0  -3  2   4  1  0  0  0  1/1    21:36   1:57   2:22 
Artem Anisimov           1  0  1   0  0   1  0  0  0  0  13/18  12:24   1:57   5:01 
Brandon Pirri            0  0  0   0  0   1  0  0  0  0  0/2    20:27   1:57   3:17 
Casey Mittelstadt        0  0  0   0  0   1  0  0  0  0  6/21   16:29   0:38   0:00 
Dominic Toninato         0  0  0   0  2   1  0  0  0  0  1/6    17:51   2:01   0:00 
Jack Johnson             0  0  0  -3  0   0  3  2  0  0  0/0    21:21   0:38   5:41 
Jake Guentzel            0  0  0   0  0   0  0  0  0  0  0/0     0:00   0:00   0:00 
Kevin Shattenkirk        0  1  1   0  2   1  0  3  0  0  0/0    19:37   1:57   0:00 
MacKenzie Weegar         0  0  0  -2  0   0  4  3  0  0  0/0    19:18   0:00   3:53 
Mats Zuccarello          0  0  0  -3  0   0  0  2  0  0  0/3    15:45   2:01   0:00 
Nicholas Paul            0  0  0  -3  0   1  0  0  0  0  7/16   13:44   0:00   0:00 
Ondrej Vala              0  0  0  -1  2   0  1  0  0  0  0/0    19:10   1:23   2:58 
Rudolfs Balcers          0  0  0  -1  0   2  1  0  0  0  0/1    14:44   0:00   1:13 
Tim Heed                 0  0  0  -1  0   0  2  0  0  0  0/0    19:57   2:01   0:31 
Troy Stecher             0  0  0  -1  2   1  1  3  0  0  0/0    20:34   1:57   3:41 
Vladislav Kotkov         0  0  0  -1  0   0  2  0  0  0  1/1    19:07   1:23   4:13 

Players Stats for SACRAMENTO BANDITS

Player Name              G  A  P  +/- PIM S  H  SB GA TA FO     MP     PP MP  PK MP  
------------------------------------------------------------------------------------
Aaron Ekblad             0  1  1   1  0   1  3  0  0  0  0/0    22:39   3:53   1:36 
Aleksander Barkov        1  0  1  -1  0   8  1  0  0  0  16/26  20:20   4:13   1:47 
Antoine Roussel          0  0  0   0  0   1  1  0  0  0  0/1     6:12   0:00   1:47 
Claude Giroux            2  4  6   5  0   11 1  0  0  0  18/26  23:19   4:09   0:00 
Clayton Keller           0  0  0   0  0   2  0  0  0  0  0/1     9:45   0:00   0:00 
Drake Caggiula           0  0  0   0  0   0  0  0  0  0  0/1     4:25   0:00   0:00 
Ivan Provorov            0  2  2   2  0   2  1  2  0  0  0/0    22:10   0:00   2:22 
Jakub Voracek            1  0  1   5  0   3  1  0  0  0  1/2    23:19   4:09   0:00 
Jamie Benn               0  1  1  -1  2   4  4  0  0  0  1/2    18:32   4:13   0:00 
John Carlson             0  2  2   2  0   0  1  1  0  0  0/0    26:09   4:29   1:52 
Jonathan Huberdeau       1  2  3   5  0   4  1  0  0  0  0/2    23:19   4:09   0:00 
Jordan Martinook         0  0  0   0  0   3  1  0  0  0  7/16   11:56   0:00   2:11 
Jujhar Khaira            0  0  0   0  2   1  1  0  0  0  1/1     9:44   0:00   0:00 
Kevin Connauton          0  0  0   1  0   0  2  2  0  0  0/0    10:54   0:00   0:12 
Mattias Ekholm           1  0  1   1  0   2  0  0  0  0  0/0    23:33   4:29   1:54 
Nikolaj Ehlers           0  1  1  -1  0   2  1  0  0  0  0/1    18:33   4:13   0:00 
Scott Laughton           0  0  0   0  0   2  0  0  0  0  5/9     6:36   0:00   2:11 
Vince Dunn               1  0  1   1  0   1  2  1  0  0  0/0    14:35   3:53   0:00 

3 Stars

1 - Claude Giroux (SAC)
2 - Jonathan Huberdeau (SAC)
3 - Jakub Voracek (SAC)

Power Play

UTAH ICE BEARS - 0 on 2 Attempt(s) - 0,00%
SACRAMENTO BANDITS - 2 on 5 Attempt(s) - 40,00%

Penalty Kill

UTAH ICE BEARS - 3 on 5 Attempt(s) - 60,00% - Score 0 goal in Penalty Kill
SACRAMENTO BANDITS - 2 on 2 Attempt(s) - 100,00% - Score 0 goal in Penalty Kill

Team Stat

UTAH ICE BEARS - Hits : 16 - Faceoff Wins : 39 - Blocked Shots : 13 - Penalty Minutes : 10
SACRAMENTO BANDITS - Hits : 21 - Faceoff Wins : 49 - Blocked Shots : 6 - Penalty Minutes : 4

Official

Referees : Garrett Rank and Alex Garon
Linesman : Kyle Allen and Chris Libett

Game Notes

Ben Bishop enters game at 18:41 of 2nd period

Finance

Level 1 -- Attendance: 6205 (100,00%) -- Ticket Income 775 625 $
Level 2 -- Attendance: 5280 (100,00%) -- Ticket Income 422 400 $
Level 3 -- Attendance: 2135 (100,00%) -- Ticket Income 113 155 $
Level 4 -- Attendance: 4280 (100,00%) -- Ticket Income 158 360 $
Luxury Box -- Attendance: 1010 (100,00%) -- Ticket Income 252 500 $
Game was played at the Sacramento Center Palace.
Total Attendance: 18910 (100,00%)
Total Ticket Income: 1 722 040 $
Other Income: 516 612 $
Total Income: 2 238 652 $

UTAH ICE BEARS

5 vs 5 Forward 
   Center                   Left Wing                Right Wing               Time % Phy DF OF 
 1 Nicholas Paul            Andrew Mangiapane        Mats Zuccarello          32     1   1  3  
 2 Alex Galchenyuk          Vladislav Kotkov         Rudolfs Balcers          30     1   1  3  
 3 Casey Mittelstadt        Brandon Pirri            Dominic Toninato         24     1   3  1  
 4 Artem Anisimov           Andrew Mangiapane        Adam Mascherin           14     1   4  0  

5 vs 5 Defense 
   Defense                  Defense                                           Time % Phy DF OF 
 1 Kevin Shattenkirk        Tim Heed                                          35     1   2  2  
 2 Ondrej Vala              Jack Johnson                                      33     1   2  2  
 3 Troy Stecher             MacKenzie Weegar                                  29     2   2  1  
 4 Ondrej Vala              Tim Heed                                          3      1   2  2  

PowerPlay Forward 
   Center                   Left Wing                Right Wing               Time % Phy DF OF 
 1 Dominic Toninato         Vladislav Kotkov         Mats Zuccarello          55     1   0  4  
 2 Artem Anisimov           Brandon Pirri            Andrew Mangiapane        45     1   0  4  

PowerPlay Defense
   Defense                  Defense                                           Time % Phy DF OF 
 1 Ondrej Vala              Tim Heed                                          53     0   1  4  
 2 Kevin Shattenkirk        Troy Stecher                                      47     0   1  4  

Penalty Kill 4 Players Forward 
   Center                   Wing                     Time % Phy DF OF 
 1 Artem Anisimov           Vladislav Kotkov         55     0   5  0  
 2 Brandon Pirri            Andrew Mangiapane        45     0   5  0  

Penalty Kill 4 Players Defense
   Defense                  Defense                  Time % Phy DF OF 
 1 Jack Johnson             MacKenzie Weegar         55     0   5  0  
 2 Troy Stecher             Ondrej Vala              45     0   5  0  

Penalty Kill - 3 Players Forward 
   Forward                                           Time % Phy DF OF 
 1 Vladislav Kotkov                                  55     0   5  0  
 2 Brandon Pirri                                     45     0   5  0  

Penalty Kill - 3 Players Defense
   Defense                  Defense                  Time % Phy DF OF 
 1 MacKenzie Weegar         Jack Johnson             55     0   5  0  
 2 Kevin Shattenkirk        Ondrej Vala              45     0   5  0  

4 vs 4 Forward 
   Center                   Wing                     Time % Phy DF OF 
 1 Alex Galchenyuk          Mats Zuccarello          50     0   2  3  
 2 Artem Anisimov           Vladislav Kotkov         50     0   2  3  

4 vs 4 Defense
   Defense                  Defense                  Time % Phy DF OF 
 1 Kevin Shattenkirk        Jack Johnson             55     0   2  3  
 2 Troy Stecher             Ondrej Vala              45     0   3  2  

Last Minutes Offensive
   Center                   Left Wing                Right Wing               Defense                  Defense                  
   Alex Galchenyuk          Jake Guentzel            MacKenzie Weegar         Tim Heed                 Ondrej Vala              

Last Minutes Defensive
   Center                   Left Wing                Right Wing               Defense                  Defense                  
   Artem Anisimov           Andrew Mangiapane        Vladislav Kotkov         Tim Heed                 Ondrej Vala              

Goaltenders
Starting : Connor Ingram            
Backup : Ben Bishop               

Extra Forwards
Normal : Vladislav Kotkov, Artem Anisimov, Alex Galchenyuk - PP : Artem Anisimov, Casey Mittelstadt - PK : Rudolfs Balcers
Extra Defensemen
Normal : Ondrej Vala, Kevin Shattenkirk, Jack Johnson - PP : Troy Stecher - PK : Troy Stecher, Ondrej Vala
Penalty Shots
Jake Guentzel, Mats Zuccarello, Alex Galchenyuk, Brandon Pirri, Vladislav Kotkov
Custom OT Lines Forwards
Alex Galchenyuk, Jake Guentzel, Artem Anisimov, Mats Zuccarello, Vladislav Kotkov, Brandon Pirri, Dominic Toninato, Casey Mittelstadt, Rudolfs Balcers, Andrew Mangiapane
Custom OT Lines Defensemen
Tim Heed, Ondrej Vala, Kevin Shattenkirk, Jack Johnson, Troy Stecher

Scratches
Blake Lizotte (Right Knee Injury), Daniel Audette (Healthy), Evan Polei (Healthy), Dustin Byfuglien (Back Spasms Injury), Giorgio Estephan (Healthy)
Jakob Stukel (Healthy), Justin Auger (Healthy), Mason Mitchell (Healthy), T.J. Brodie (Groin Injury), Brock Nelson (Healthy)
Zach Hyman (Healthy)

SACRAMENTO BANDITS

5 vs 5 Forward 
   Center                   Left Wing                Right Wing               Time % Phy DF OF 
 1 Claude Giroux            Jonathan Huberdeau       Jakub Voracek            38     0   2  3  
 2 Aleksander Barkov        Nikolaj Ehlers           Jamie Benn               30     0   2  3  
 3 Jordan Martinook         Jujhar Khaira            Clayton Keller           22     0   3  2  
 4 Scott Laughton           Antoine Roussel          Drake Caggiula           10     0   3  2  

5 vs 5 Defense 
   Defense                  Defense                                           Time % Phy DF OF 
 1 John Carlson             Ivan Provorov                                     40     0   2  3  
 2 Aaron Ekblad             Mattias Ekholm                                    35     0   2  3  
 3 Vince Dunn               Kevin Connauton                                   25     1   4  0  
 4 John Carlson             Mattias Ekholm                                    0      1   2  2  

PowerPlay Forward 
   Center                   Left Wing                Right Wing               Time % Phy DF OF 
 1 Claude Giroux            Jonathan Huberdeau       Jakub Voracek            51     0   0  5  
 2 Aleksander Barkov        Nikolaj Ehlers           Jamie Benn               49     0   0  5  

PowerPlay Defense
   Defense                  Defense                                           Time % Phy DF OF 
 1 John Carlson             Mattias Ekholm                                    57     0   0  5  
 2 Aaron Ekblad             Vince Dunn                                        43     0   0  5  

Penalty Kill 4 Players Forward 
   Center                   Wing                     Time % Phy DF OF 
 1 Scott Laughton           Jordan Martinook         55     0   5  0  
 2 Aleksander Barkov        Antoine Roussel          45     0   5  0  

Penalty Kill 4 Players Defense
   Defense                  Defense                  Time % Phy DF OF 
 1 Mattias Ekholm           Ivan Provorov            55     0   5  0  
 2 Aaron Ekblad             John Carlson             45     0   5  0  

Penalty Kill - 3 Players Forward 
   Forward                                           Time % Phy DF OF 
 1 Jordan Martinook                                  55     0   5  0  
 2 Jamie Benn                                        45     0   5  0  

Penalty Kill - 3 Players Defense
   Defense                  Defense                  Time % Phy DF OF 
 1 Kevin Connauton          Vince Dunn               55     0   5  0  
 2 Aaron Ekblad             Mattias Ekholm           45     0   5  0  

4 vs 4 Forward 
   Center                   Wing                     Time % Phy DF OF 
 1 Jordan Martinook         Clayton Keller           55     0   2  3  
 2 Jujhar Khaira            Scott Laughton           45     0   2  3  

4 vs 4 Defense
   Defense                  Defense                  Time % Phy DF OF 
 1 Kevin Connauton          Vince Dunn               55     0   2  3  
 2 John Carlson             Mattias Ekholm           45     0   2  3  

Last Minutes Offensive
   Center                   Left Wing                Right Wing               Defense                  Defense                  
   Aleksander Barkov        Claude Giroux            Jakub Voracek            John Carlson             Aaron Ekblad             

Last Minutes Defensive
   Center                   Left Wing                Right Wing               Defense                  Defense                  
   Aleksander Barkov        Jordan Martinook         Claude Giroux            John Carlson             Aaron Ekblad             

Goaltenders
Starting : Andrei Vasilevskiy       
Backup : Ryan Miller              

Extra Forwards
Normal : Clayton Keller, Aleksander Barkov, Claude Giroux - PP : Clayton Keller, Jordan Martinook - PK : Aleksander Barkov
Extra Defensemen
Normal : Vince Dunn, Kevin Connauton, Aaron Ekblad - PP : John Carlson - PK : Aaron Ekblad, Mattias Ekholm
Penalty Shots
Aleksander Barkov, Jonathan Huberdeau, Claude Giroux, Jakub Voracek, Jamie Benn
Custom OT Lines Forwards
Claude Giroux, Jonathan Huberdeau, Jakub Voracek, Aleksander Barkov, Jamie Benn, Scott Laughton, Nikolaj Ehlers, Jujhar Khaira, Clayton Keller, Jordan Martinook
Custom OT Lines Defensemen
John Carlson, Aaron Ekblad, Vince Dunn, Mattias Ekholm, Kevin Connauton

Scratches
None


% Time on Ice - UTAH ICE BEARS

Lines # - Real PCT - Wanted PCT - Time Play
Normal Forward
1 - 29% - 32% - 13:44
2 - 28% - 30% - 13:31
3 - 33% - 24% - 15:51
4 - 10% - 14% - 4:34
Normal Defense
1 - 37% - 35% - 17:41
2 - 31% - 33% - 14:34
3 - 32% - 29% - 15:25
4 - 0% - 3% - 0:00
PP Forward
1 - 51% - 55% - 2:01
2 - 49% - 45% - 1:57
PP Defense
1 - 51% - 53% - 2:01
2 - 49% - 47% - 1:57
PK Forward
1 - 61% - 55% - 5:05
2 - 39% - 45% - 3:17
PK Defense
1 - 48% - 55% - 4:01
2 - 52% - 45% - 4:21
PK3 Forward
1 - 0% - 55%
2 - 0% - 45%
PK3 Defense
1 - 0% - 55%
2 - 0% - 45%
44 Forward
1 - 0% - 50%
2 - 0% - 50%
44 Defense
1 - 0% - 55%
2 - 0% - 45%
Last Minute Offensive  - 0:00
Last Minute Defensive  - 0:00
Total
Forward - 60:00
Defense - 60:00

% Time on Ice - SACRAMENTO BANDITS

Lines # - Real PCT - Wanted PCT - Time Play
Normal Forward
1 - 40% - 38% - 19:10
2 - 30% - 30% - 14:20
3 - 20% - 22% - 9:45
4 - 9% - 10% - 4:25
Normal Defense
1 - 42% - 40% - 19:48
2 - 36% - 35% - 17:10
3 - 22% - 25% - 10:42
4 - 0% - 0% - 0:00
PP Forward
1 - 50% - 51% - 4:09
2 - 50% - 49% - 4:13
PP Defense
1 - 54% - 57% - 4:29
2 - 46% - 43% - 3:53
PK Forward
1 - 55% - 55% - 2:11
2 - 45% - 45% - 1:47
PK Defense
1 - 53% - 55% - 2:06
2 - 47% - 45% - 1:52
PK3 Forward
1 - 0% - 55%
2 - 0% - 45%
PK3 Defense
1 - 0% - 55%
2 - 0% - 45%
44 Forward
1 - 0% - 55%
2 - 0% - 45%
44 Defense
1 - 0% - 55%
2 - 0% - 45%
Last Minute Offensive  - 0:00
Last Minute Defensive  - 0:00
Total
Forward - 60:00
Defense - 60:00

Play-by-Play

1st period


0:01 of 1st period - Nicholas Paul wins face-off versus Claude Giroux in neutral zone.
0:37 of 1st period - Shot by Claude Giroux.
0:37 of 1st period - Shot Blocked by Mats Zuccarello.
0:41 of 1st period - Shot by Jakub Voracek.
0:41 of 1st period - Goal by Jakub Voracek - UTAH ICE BEARS : 0 - SACRAMENTO BANDITS : 1.
0:42 of 1st period - Aleksander Barkov wins face-off versus Alex Galchenyuk in neutral zone.
1:17 of 1st period - Off-side.
1:18 of 1st period - Jujhar Khaira wins face-off versus Dominic Toninato in neutral zone.
1:33 of 1st period - Shot by Jordan Martinook.
1:33 of 1st period - Stopped by Connor Ingram without a rebound.
1:34 of 1st period - Artem Anisimov wins face-off versus Drake Caggiula in UTAH ICE BEARS zone.
2:07 of 1st period - Shot by Scott Laughton.
2:07 of 1st period - Stopped by Connor Ingram without a rebound.
2:08 of 1st period - Jordan Martinook wins face-off versus Casey Mittelstadt in UTAH ICE BEARS zone.
2:13 of 1st period - Shot by Clayton Keller.
2:13 of 1st period - Stopped by Connor Ingram without a rebound.
2:14 of 1st period - Claude Giroux wins face-off versus Casey Mittelstadt in UTAH ICE BEARS zone.
2:14 of 1st period - Claude Giroux is hit by MacKenzie Weegar.
2:26 of 1st period - Shot by Claude Giroux.
2:26 of 1st period - Stopped by Connor Ingram without a rebound.
2:27 of 1st period - Alex Galchenyuk wins face-off versus Jordan Martinook in UTAH ICE BEARS zone.
2:27 of 1st period - Alex Galchenyuk is hit by Jujhar Khaira.
2:28 of 1st period - Minor Penalty to Jujhar Khaira for Slashing.
2:29 of 1st period - Scott Laughton wins face-off versus Dominic Toninato in SACRAMENTO BANDITS zone.
2:51 of 1st period - Icing by Mats Zuccarello.
2:52 of 1st period - Dominic Toninato wins face-off versus Aleksander Barkov in UTAH ICE BEARS zone.
3:21 of 1st period - Icing by Troy Stecher.
3:22 of 1st period - Artem Anisimov wins face-off versus Scott Laughton in UTAH ICE BEARS zone.
3:38 of 1st period - Icing by Artem Anisimov.
3:39 of 1st period - Artem Anisimov wins face-off versus Jordan Martinook in UTAH ICE BEARS zone.
3:54 of 1st period - Shot by Kevin Shattenkirk.
3:54 of 1st period - Stopped by Andrei Vasilevskiy with a rebound.
4:32 of 1st period - Kevin Shattenkirk is hit by Kevin Connauton and loses puck.
4:45 of 1st period - Shot by Alex Galchenyuk.
4:45 of 1st period - Shot Blocked by Kevin Connauton.
4:47 of 1st period - Shot by Rudolfs Balcers.
4:47 of 1st period - Deflect By Alex Galchenyuk.
4:47 of 1st period - Stopped by Andrei Vasilevskiy without a rebound.
4:48 of 1st period - Casey Mittelstadt wins face-off versus Jamie Benn in SACRAMENTO BANDITS zone.
4:54 of 1st period - Minor Penalty to Dominic Toninato for Hooking.
4:55 of 1st period - Claude Giroux wins face-off versus Artem Anisimov in UTAH ICE BEARS zone.
5:53 of 1st period - Off-side.
5:54 of 1st period - Aleksander Barkov wins face-off versus Brandon Pirri in neutral zone.
6:24 of 1st period - Shot by Nikolaj Ehlers.
6:24 of 1st period - Shot Misses the Net.
6:35 of 1st period - Shot by Aleksander Barkov.
6:35 of 1st period - Shot Misses the Net.
7:13 of 1st period - Shot by Clayton Keller.
7:13 of 1st period - Shot Misses the Net.
7:15 of 1st period - Shot by Jordan Martinook.
7:15 of 1st period - Shot Misses the Net.
7:31 of 1st period - Shot by Jordan Martinook.
7:31 of 1st period - Stopped by Connor Ingram without a rebound.
7:32 of 1st period - Claude Giroux wins face-off versus Nicholas Paul in UTAH ICE BEARS zone.
8:16 of 1st period - Shot by Claude Giroux.
8:16 of 1st period - Shot Misses the Net.
8:23 of 1st period - Minor Penalty to Jamie Benn for Hooking.
8:24 of 1st period - Scott Laughton wins face-off versus Dominic Toninato in SACRAMENTO BANDITS zone.
8:30 of 1st period - Icing by Tim Heed.
8:31 of 1st period - Scott Laughton wins face-off versus Dominic Toninato in UTAH ICE BEARS zone.
9:14 of 1st period - Shot by Artem Anisimov.
9:14 of 1st period - Shot Misses the Net.
9:16 of 1st period - Shot by Kevin Shattenkirk.
9:16 of 1st period - Shot Misses the Net.
9:18 of 1st period - Shot by Brandon Pirri.
9:18 of 1st period - Shot Blocked by John Carlson.
9:20 of 1st period - Shot by Brandon Pirri.
9:20 of 1st period - Stopped by Andrei Vasilevskiy with a rebound.
10:30 of 1st period - Shot by Claude Giroux.
10:30 of 1st period - Shot Misses the Net.
10:45 of 1st period - Claude Giroux is hit by Jack Johnson and loses puck.
10:48 of 1st period - Shot by Claude Giroux.
10:48 of 1st period - Shot Misses the Net.
10:50 of 1st period - Shot by Vince Dunn.
10:50 of 1st period - Goal by Vince Dunn - UTAH ICE BEARS : 0 - SACRAMENTO BANDITS : 2.
10:51 of 1st period - Artem Anisimov wins face-off versus Aleksander Barkov in neutral zone.
11:06 of 1st period - Shot by Artem Anisimov.
11:06 of 1st period - Goal by Artem Anisimov - UTAH ICE BEARS : 1 - SACRAMENTO BANDITS : 2.
11:07 of 1st period - Claude Giroux wins face-off versus Casey Mittelstadt in neutral zone.
11:22 of 1st period - Shot by Casey Mittelstadt.
11:22 of 1st period - Shot Misses the Net.
11:52 of 1st period - Shot by Jonathan Huberdeau.
11:52 of 1st period - Stopped by Connor Ingram without a rebound.
11:53 of 1st period - Aleksander Barkov wins face-off versus Nicholas Paul in UTAH ICE BEARS zone.
12:15 of 1st period - Icing by Mats Zuccarello.
12:16 of 1st period - Jordan Martinook wins face-off versus Nicholas Paul in UTAH ICE BEARS zone.
12:21 of 1st period - Shot by Jujhar Khaira.
12:21 of 1st period - Stopped by Connor Ingram without a rebound.
12:22 of 1st period - Aleksander Barkov wins face-off versus Alex Galchenyuk in UTAH ICE BEARS zone.
13:02 of 1st period - Shot by Jamie Benn.
13:02 of 1st period - Stopped by Connor Ingram without a rebound.
13:03 of 1st period - Jordan Martinook wins face-off versus Mats Zuccarello in UTAH ICE BEARS zone.
13:13 of 1st period - Jordan Martinook is hit by Tim Heed.
13:23 of 1st period - Shot by Clayton Keller.
13:23 of 1st period - Shot Misses the Net.
13:25 of 1st period - Shot by Jordan Martinook.
13:25 of 1st period - Shot Blocked by Mats Zuccarello.
13:37 of 1st period - Jordan Martinook is hit by Tim Heed and loses puck.
14:10 of 1st period - Minor Penalty to Kevin Shattenkirk for Interference.
14:11 of 1st period - Aleksander Barkov wins face-off versus Artem Anisimov in UTAH ICE BEARS zone.
14:36 of 1st period - Shot by Aleksander Barkov.
14:36 of 1st period - Stopped by Connor Ingram without a rebound.
14:37 of 1st period - Artem Anisimov wins face-off versus Jakub Voracek in UTAH ICE BEARS zone.
14:53 of 1st period - Off-side.
14:54 of 1st period - Artem Anisimov wins face-off versus Aleksander Barkov in neutral zone.
15:53 of 1st period - Troy Stecher is hit by Jonathan Huberdeau and loses puck.
16:08 of 1st period - Shot by Claude Giroux.
16:08 of 1st period - Stopped by Connor Ingram without a rebound.
16:09 of 1st period - Artem Anisimov wins face-off versus Claude Giroux in UTAH ICE BEARS zone.
16:33 of 1st period - Shot by Jordan Martinook.
16:33 of 1st period - Shot Misses the Net.
17:31 of 1st period - Shot by Claude Giroux.
17:31 of 1st period - Shot Blocked by Jack Johnson.
19:14 of 1st period - Antoine Roussel is hit by MacKenzie Weegar and loses puck.
19:46 of 1st period - Brandon Pirri is hit by Kevin Connauton.
19:56 of 1st period - Shot by Brandon Pirri.
19:56 of 1st period - Shot Blocked by Vince Dunn.
19:58 of 1st period - Shot by Brandon Pirri.
19:58 of 1st period - Shot Blocked by Kevin Connauton.
Goals for this period are 1 for UTAH ICE BEARS vs 2 for SACRAMENTO BANDITS.
Shots for this period are 4 for UTAH ICE BEARS vs 12 for SACRAMENTO BANDITS.

2nd period


0:01 of 2nd period - Aleksander Barkov wins face-off versus Alex Galchenyuk in neutral zone.
0:05 of 2nd period - John Carlson is hit by Vladislav Kotkov and loses puck.
0:09 of 2nd period - John Carlson is hit by Ondrej Vala and loses puck.
0:17 of 2nd period - Minor Penalty to Ondrej Vala for Interference.
0:18 of 2nd period - Artem Anisimov wins face-off versus Claude Giroux in UTAH ICE BEARS zone.
0:26 of 2nd period - Off-side.
0:27 of 2nd period - Artem Anisimov wins face-off versus Jonathan Huberdeau in neutral zone.
0:42 of 2nd period - Shot by Jonathan Huberdeau.
0:42 of 2nd period - Shot Misses the Net.
0:50 of 2nd period - Shot by Jakub Voracek.
0:50 of 2nd period - Shot Misses the Net.
0:52 of 2nd period - Shot by Mattias Ekholm.
0:52 of 2nd period - Stopped by Connor Ingram without a rebound.
0:53 of 2nd period - Vladislav Kotkov wins face-off versus Aleksander Barkov in UTAH ICE BEARS zone.
0:53 of 2nd period - Vladislav Kotkov is hit by Jamie Benn.
1:22 of 2nd period - Shot by Aleksander Barkov.
1:22 of 2nd period - Stopped by Connor Ingram with a rebound.
1:24 of 2nd period - Shot by Aaron Ekblad.
1:24 of 2nd period - Shot Blocked by Troy Stecher.
1:26 of 2nd period - Shot by Aaron Ekblad.
1:26 of 2nd period - Stopped by Connor Ingram without a rebound.
1:27 of 2nd period - Claude Giroux wins face-off versus Brandon Pirri in UTAH ICE BEARS zone.
1:38 of 2nd period - Shot by Claude Giroux.
1:38 of 2nd period - Stopped by Connor Ingram with a rebound.
1:40 of 2nd period - Shot by Mattias Ekholm.
1:40 of 2nd period - Goal by Mattias Ekholm - UTAH ICE BEARS : 1 - SACRAMENTO BANDITS : 3.
1:41 of 2nd period - Jordan Martinook wins face-off versus Casey Mittelstadt in neutral zone.
2:54 of 2nd period - Jakub Voracek is hit by Jack Johnson and loses puck.
3:01 of 2nd period - Shot by Claude Giroux.
3:01 of 2nd period - Stopped by Connor Ingram with a rebound.
3:03 of 2nd period - Shot by Aaron Ekblad.
3:03 of 2nd period - Shot Misses the Net.
3:05 of 2nd period - Shot by Aaron Ekblad.
3:05 of 2nd period - Shot Misses the Net.
3:15 of 2nd period - Shot by Claude Giroux.
3:15 of 2nd period - Goal by Claude Giroux - UTAH ICE BEARS : 1 - SACRAMENTO BANDITS : 4.
3:16 of 2nd period - Aleksander Barkov wins face-off versus Alex Galchenyuk in neutral zone.
3:32 of 2nd period - Shot by Jamie Benn.
3:32 of 2nd period - Stopped by Connor Ingram without a rebound.
3:33 of 2nd period - Scott Laughton wins face-off versus Casey Mittelstadt in UTAH ICE BEARS zone.
4:13 of 2nd period - Tim Heed is hit by Antoine Roussel and loses puck.
4:28 of 2nd period - Shot by Aleksander Barkov.
4:28 of 2nd period - Shot Misses the Net.
5:10 of 2nd period - Icing by Aaron Ekblad.
5:11 of 2nd period - Aleksander Barkov wins face-off versus Alex Galchenyuk in SACRAMENTO BANDITS zone.
5:11 of 2nd period - Aleksander Barkov is hit by Rudolfs Balcers.
5:20 of 2nd period - Shot by Aleksander Barkov.
5:20 of 2nd period - Stopped by Connor Ingram without a rebound.
5:21 of 2nd period - Claude Giroux wins face-off versus Nicholas Paul in UTAH ICE BEARS zone.
6:51 of 2nd period - Shot by Rudolfs Balcers.
6:51 of 2nd period - Stopped by Andrei Vasilevskiy without a rebound.
6:52 of 2nd period - Artem Anisimov wins face-off versus Aleksander Barkov in SACRAMENTO BANDITS zone.
6:57 of 2nd period - Shot by Artem Anisimov.
6:57 of 2nd period - Shot Misses the Net.
6:59 of 2nd period - Shot by Troy Stecher.
6:59 of 2nd period - Stopped by Andrei Vasilevskiy without a rebound.
7:00 of 2nd period - Artem Anisimov wins face-off versus Aleksander Barkov in SACRAMENTO BANDITS zone.
7:00 of 2nd period - Kevin Shattenkirk is hit by Aaron Ekblad and loses puck.
7:09 of 2nd period - Shot by Nikolaj Ehlers.
7:09 of 2nd period - Shot Blocked by Kevin Shattenkirk.
7:17 of 2nd period - Shot by Jamie Benn.
7:17 of 2nd period - Shot Blocked by Kevin Shattenkirk.
7:29 of 2nd period - Shot by Jamie Benn.
7:29 of 2nd period - Stopped by Connor Ingram without a rebound.
7:30 of 2nd period - Alex Galchenyuk wins face-off versus Jordan Martinook in UTAH ICE BEARS zone.
7:41 of 2nd period - Shot by Alex Galchenyuk.
7:41 of 2nd period - Stopped by Andrei Vasilevskiy without a rebound.
7:42 of 2nd period - Casey Mittelstadt wins face-off versus Scott Laughton in SACRAMENTO BANDITS zone.
7:58 of 2nd period - Shot by Brandon Pirri.
7:58 of 2nd period - Shot Misses the Net.
8:00 of 2nd period - Shot by Troy Stecher.
8:00 of 2nd period - Shot Misses the Net.
8:02 of 2nd period - Shot by Dominic Toninato.
8:02 of 2nd period - Stopped by Andrei Vasilevskiy without a rebound.
8:03 of 2nd period - Claude Giroux wins face-off versus Alex Galchenyuk in SACRAMENTO BANDITS zone.
8:08 of 2nd period - Shot by Jakub Voracek.
8:08 of 2nd period - Shot Misses the Net.
8:36 of 2nd period - Shot by Rudolfs Balcers.
8:36 of 2nd period - Shot Misses the Net.
8:46 of 2nd period - Icing by Claude Giroux.
8:47 of 2nd period - Claude Giroux wins face-off versus Casey Mittelstadt in SACRAMENTO BANDITS zone.
9:50 of 2nd period - Tim Heed is hit by Jamie Benn and loses puck.
9:57 of 2nd period - Tim Heed is hit by Aleksander Barkov and loses puck.
10:16 of 2nd period - Shot by Andrew Mangiapane.
10:16 of 2nd period - Stopped by Andrei Vasilevskiy without a rebound.
10:17 of 2nd period - Nicholas Paul wins face-off versus Jordan Martinook in SACRAMENTO BANDITS zone.
10:23 of 2nd period - Icing by Jordan Martinook.
10:24 of 2nd period - Alex Galchenyuk wins face-off versus Jordan Martinook in SACRAMENTO BANDITS zone.
10:34 of 2nd period - Shot by Ivan Provorov.
10:34 of 2nd period - Stopped by Connor Ingram without a rebound.
10:35 of 2nd period - Claude Giroux wins face-off versus Nicholas Paul in UTAH ICE BEARS zone.
10:42 of 2nd period - Shot by Jonathan Huberdeau.
10:42 of 2nd period - Stopped by Connor Ingram without a rebound.
10:43 of 2nd period - Claude Giroux wins face-off versus Rudolfs Balcers in UTAH ICE BEARS zone.
10:48 of 2nd period - Shot by Jakub Voracek.
10:48 of 2nd period - Stopped by Connor Ingram without a rebound.
10:49 of 2nd period - Nicholas Paul wins face-off versus Claude Giroux in UTAH ICE BEARS zone.
10:49 of 2nd period - Nicholas Paul is hit by Claude Giroux.
11:30 of 2nd period - Nicholas Paul is hit by Jakub Voracek and loses puck.
11:52 of 2nd period - Icing by Jack Johnson.
11:53 of 2nd period - Aleksander Barkov wins face-off versus Nicholas Paul in UTAH ICE BEARS zone.
11:53 of 2nd period - Aleksander Barkov is hit by Jack Johnson.
12:04 of 2nd period - Icing by Aaron Ekblad.
12:05 of 2nd period - Alex Galchenyuk wins face-off versus Aleksander Barkov in SACRAMENTO BANDITS zone.
12:09 of 2nd period - Icing by Mattias Ekholm.
12:10 of 2nd period - Aleksander Barkov wins face-off versus Alex Galchenyuk in SACRAMENTO BANDITS zone.
12:14 of 2nd period - Off-side.
12:15 of 2nd period - Alex Galchenyuk wins face-off versus Jordan Martinook in neutral zone.
13:18 of 2nd period - Icing by Ivan Provorov.
13:19 of 2nd period - Claude Giroux wins face-off versus Artem Anisimov in SACRAMENTO BANDITS zone.
13:28 of 2nd period - Shot by Claude Giroux.
13:28 of 2nd period - Stopped by Connor Ingram without a rebound.
13:29 of 2nd period - Aleksander Barkov wins face-off versus Casey Mittelstadt in UTAH ICE BEARS zone.
13:44 of 2nd period - Shot by Aleksander Barkov.
13:44 of 2nd period - Shot Misses the Net.
14:14 of 2nd period - Shot by Nikolaj Ehlers.
14:14 of 2nd period - Stopped by Connor Ingram without a rebound.
14:15 of 2nd period - Claude Giroux wins face-off versus Nicholas Paul in UTAH ICE BEARS zone.
14:30 of 2nd period - Shot by Mats Zuccarello.
14:30 of 2nd period - Shot Blocked by Ivan Provorov.
14:56 of 2nd period - Shot by Claude Giroux.
14:56 of 2nd period - Shot Misses the Net.
15:20 of 2nd period - Shot by Clayton Keller.
15:20 of 2nd period - Stopped by Connor Ingram without a rebound.
15:21 of 2nd period - Aleksander Barkov wins face-off versus Casey Mittelstadt in UTAH ICE BEARS zone.
15:21 of 2nd period - Aleksander Barkov is hit by Troy Stecher.
15:24 of 2nd period - Jamie Benn is hit by MacKenzie Weegar and loses puck.
15:59 of 2nd period - Shot by Jamie Benn.
15:59 of 2nd period - Deflect By Aleksander Barkov.
15:59 of 2nd period - Stopped by Connor Ingram without a rebound.
16:00 of 2nd period - Alex Galchenyuk wins face-off versus Jordan Martinook in UTAH ICE BEARS zone.
16:07 of 2nd period - Shot by Clayton Keller.
16:07 of 2nd period - Shot Blocked by Kevin Shattenkirk.
16:53 of 2nd period - Icing by Kevin Shattenkirk.
16:54 of 2nd period - Alex Galchenyuk wins face-off versus Claude Giroux in UTAH ICE BEARS zone.
17:14 of 2nd period - Shot by Claude Giroux.
17:14 of 2nd period - Stopped by Connor Ingram without a rebound.
17:15 of 2nd period - Nicholas Paul wins face-off versus Aleksander Barkov in UTAH ICE BEARS zone.
17:20 of 2nd period - Shot by Andrew Mangiapane.
17:20 of 2nd period - Stopped by Andrei Vasilevskiy without a rebound.
17:21 of 2nd period - Claude Giroux wins face-off versus Mats Zuccarello in SACRAMENTO BANDITS zone.
17:39 of 2nd period - Shot by Claude Giroux.
17:39 of 2nd period - Stopped by Connor Ingram without a rebound.
17:40 of 2nd period - Jamie Benn wins face-off versus Casey Mittelstadt in UTAH ICE BEARS zone.
17:46 of 2nd period - Nikolaj Ehlers is hit by MacKenzie Weegar and loses puck.
17:54 of 2nd period - Icing by Casey Mittelstadt.
17:55 of 2nd period - Jakub Voracek wins face-off versus Casey Mittelstadt in UTAH ICE BEARS zone.
18:04 of 2nd period - Shot by Claude Giroux.
18:04 of 2nd period - Shot Blocked by Troy Stecher.
18:22 of 2nd period - Shot by Claude Giroux.
18:22 of 2nd period - Stopped by Connor Ingram with a rebound.
18:41 of 2nd period - Shot by Claude Giroux.
18:41 of 2nd period - Goal by Claude Giroux - UTAH ICE BEARS : 1 - SACRAMENTO BANDITS : 5.
18:41 of 2nd period - Ben Bishop enters game.
18:42 of 2nd period - Aleksander Barkov wins face-off versus Mats Zuccarello in neutral zone.
19:10 of 2nd period - Shot by Andrew Mangiapane.
19:10 of 2nd period - Stopped by Andrei Vasilevskiy with a rebound.
19:20 of 2nd period - Shot by Aleksander Barkov.
19:20 of 2nd period - Shot Misses the Net.
19:22 of 2nd period - Shot by Nikolaj Ehlers.
19:22 of 2nd period - Deflect By Aleksander Barkov.
19:22 of 2nd period - Stopped by Ben Bishop without a rebound.
19:23 of 2nd period - Alex Galchenyuk wins face-off versus Jordan Martinook in UTAH ICE BEARS zone.
19:28 of 2nd period - Kevin Connauton is hit by Vladislav Kotkov and loses puck.
19:50 of 2nd period - Alex Galchenyuk is hit by Vince Dunn and loses puck.
19:53 of 2nd period - Shot by Alex Galchenyuk.
19:53 of 2nd period - Shot Misses the Net.
19:57 of 2nd period - Shot by Rudolfs Balcers.
19:57 of 2nd period - Stopped by Andrei Vasilevskiy without a rebound.
19:58 of 2nd period - Claude Giroux wins face-off versus Casey Mittelstadt in SACRAMENTO BANDITS zone.
Goals for this period are 0 for UTAH ICE BEARS vs 3 for SACRAMENTO BANDITS.
Shots for this period are 8 for UTAH ICE BEARS vs 22 for SACRAMENTO BANDITS.

3rd period


0:01 of 3rd period - Andrew Mangiapane wins face-off versus Jonathan Huberdeau in neutral zone.
0:11 of 3rd period - Mats Zuccarello is hit by John Carlson.
0:33 of 3rd period - Minor Penalty to Andrew Mangiapane for Tripping.
0:34 of 3rd period - Artem Anisimov wins face-off versus Nikolaj Ehlers in UTAH ICE BEARS zone.
2:55 of 3rd period - Icing by Mats Zuccarello.
2:56 of 3rd period - Nicholas Paul wins face-off versus Scott Laughton in UTAH ICE BEARS zone.
3:06 of 3rd period - Icing by Drake Caggiula.
3:07 of 3rd period - Casey Mittelstadt wins face-off versus Antoine Roussel in SACRAMENTO BANDITS zone.
3:16 of 3rd period - Shot by Casey Mittelstadt.
3:16 of 3rd period - Shot Misses the Net.
3:20 of 3rd period - Shot by Casey Mittelstadt.
3:20 of 3rd period - Stopped by Andrei Vasilevskiy without a rebound.
3:21 of 3rd period - Aleksander Barkov wins face-off versus Artem Anisimov in SACRAMENTO BANDITS zone.
3:21 of 3rd period - Aleksander Barkov is hit by Andrew Mangiapane.
3:58 of 3rd period - Shot by Aleksander Barkov.
3:58 of 3rd period - Stopped by Ben Bishop with a rebound.
5:24 of 3rd period - Shot by Claude Giroux.
5:24 of 3rd period - Stopped by Ben Bishop without a rebound.
5:25 of 3rd period - Jordan Martinook wins face-off versus Casey Mittelstadt in UTAH ICE BEARS zone.
5:36 of 3rd period - Shot by Clayton Keller.
5:36 of 3rd period - Shot Misses the Net.
5:41 of 3rd period - Icing by Brandon Pirri.
5:42 of 3rd period - Scott Laughton wins face-off versus Casey Mittelstadt in UTAH ICE BEARS zone.
5:48 of 3rd period - Shot by Antoine Roussel.
5:48 of 3rd period - Stopped by Ben Bishop without a rebound.
5:49 of 3rd period - Alex Galchenyuk wins face-off versus Jordan Martinook in UTAH ICE BEARS zone.
5:49 of 3rd period - Alex Galchenyuk is hit by Jordan Martinook.
6:25 of 3rd period - Shot by Jordan Martinook.
6:25 of 3rd period - Stopped by Ben Bishop without a rebound.
6:26 of 3rd period - Claude Giroux wins face-off versus Casey Mittelstadt in UTAH ICE BEARS zone.
6:43 of 3rd period - Shot by Jonathan Huberdeau.
6:43 of 3rd period - Shot Misses the Net.
6:55 of 3rd period - Shot by Brandon Pirri.
6:55 of 3rd period - Shot Blocked by Ivan Provorov.
7:12 of 3rd period - Icing by John Carlson.
7:13 of 3rd period - Nicholas Paul wins face-off versus Claude Giroux in SACRAMENTO BANDITS zone.
7:13 of 3rd period - Mats Zuccarello is hit by Ivan Provorov and loses puck.
7:28 of 3rd period - Shot by Nicholas Paul.
7:28 of 3rd period - Stopped by Andrei Vasilevskiy without a rebound.
7:29 of 3rd period - Alex Galchenyuk wins face-off versus Aleksander Barkov in SACRAMENTO BANDITS zone.
9:04 of 3rd period - Casey Mittelstadt is hit by Vince Dunn and loses puck.
9:35 of 3rd period - Shot by Jakub Voracek.
9:35 of 3rd period - Stopped by Ben Bishop without a rebound.
9:36 of 3rd period - Jordan Martinook wins face-off versus Alex Galchenyuk in UTAH ICE BEARS zone.
10:28 of 3rd period - Icing by MacKenzie Weegar.
10:29 of 3rd period - Claude Giroux wins face-off versus Artem Anisimov in UTAH ICE BEARS zone.
10:40 of 3rd period - Shot by Artem Anisimov.
10:40 of 3rd period - Deflect By Andrew Mangiapane.
10:40 of 3rd period - Stopped by Andrei Vasilevskiy without a rebound.
10:41 of 3rd period - Casey Mittelstadt wins face-off versus Scott Laughton in SACRAMENTO BANDITS zone.
10:41 of 3rd period - Casey Mittelstadt is hit by Aaron Ekblad.
11:08 of 3rd period - Shot by Scott Laughton.
11:08 of 3rd period - Stopped by Ben Bishop without a rebound.
11:09 of 3rd period - Nicholas Paul wins face-off versus Claude Giroux in UTAH ICE BEARS zone.
11:16 of 3rd period - Shot by Andrew Mangiapane.
11:16 of 3rd period - Shot Misses the Net.
11:24 of 3rd period - Shot by Jonathan Huberdeau.
11:24 of 3rd period - Stopped by Ben Bishop with a rebound.
11:26 of 3rd period - Shot by Jonathan Huberdeau.
11:26 of 3rd period - Goal by Jonathan Huberdeau - UTAH ICE BEARS : 1 - SACRAMENTO BANDITS : 6.
11:27 of 3rd period - Aleksander Barkov wins face-off versus Alex Galchenyuk in neutral zone.
11:34 of 3rd period - Shot by Nikolaj Ehlers.
11:34 of 3rd period - Shot Misses the Net.
11:36 of 3rd period - Shot by Kevin Connauton.
11:36 of 3rd period - Shot Misses the Net.
11:38 of 3rd period - Shot by Jamie Benn.
11:38 of 3rd period - Stopped by Ben Bishop with a rebound.
11:42 of 3rd period - Shot by Aleksander Barkov.
11:42 of 3rd period - Stopped by Ben Bishop without a rebound.
11:43 of 3rd period - Claude Giroux wins face-off versus Casey Mittelstadt in UTAH ICE BEARS zone.
11:46 of 3rd period - Shot by Jonathan Huberdeau.
11:46 of 3rd period - Shot Blocked by MacKenzie Weegar.
12:11 of 3rd period - Shot by Jakub Voracek.
12:11 of 3rd period - Shot Misses the Net.
12:13 of 3rd period - Shot by Ivan Provorov.
12:13 of 3rd period - Shot Blocked by MacKenzie Weegar.
12:57 of 3rd period - Troy Stecher is hit by Jamie Benn and loses puck.
13:14 of 3rd period - Shot by Nikolaj Ehlers.
13:14 of 3rd period - Shot Blocked by Troy Stecher.
13:15 of 3rd period - Minor Penalty to Troy Stecher for Holding.
13:16 of 3rd period - Artem Anisimov wins face-off versus Claude Giroux in UTAH ICE BEARS zone.
14:15 of 3rd period - Shot by Jamie Benn.
14:15 of 3rd period - Shot Misses the Net.
14:17 of 3rd period - Shot by Aleksander Barkov.
14:17 of 3rd period - Goal by Aleksander Barkov - UTAH ICE BEARS : 1 - SACRAMENTO BANDITS : 7.
14:18 of 3rd period - Jordan Martinook wins face-off versus Nicholas Paul in neutral zone.
15:40 of 3rd period - John Carlson is hit by Alex Galchenyuk and loses puck.
16:11 of 3rd period - Shot by Jakub Voracek.
16:11 of 3rd period - Shot Blocked by Jack Johnson.
16:13 of 3rd period - Shot by Jonathan Huberdeau.
16:13 of 3rd period - Shot Misses the Net.
16:47 of 3rd period - Alex Galchenyuk is hit by Nikolaj Ehlers and loses puck.
17:08 of 3rd period - Shot by Aleksander Barkov.
17:08 of 3rd period - Shot Misses the Net.
17:10 of 3rd period - Shot by Nikolaj Ehlers.
17:10 of 3rd period - Stopped by Ben Bishop without a rebound.
17:11 of 3rd period - Casey Mittelstadt wins face-off versus Clayton Keller in UTAH ICE BEARS zone.
17:37 of 3rd period - Off-side.
17:38 of 3rd period - Claude Giroux wins face-off versus Nicholas Paul in neutral zone.
18:00 of 3rd period - Mats Zuccarello is hit by Aaron Ekblad and loses puck.
18:06 of 3rd period - Off-side.
18:07 of 3rd period - Aleksander Barkov wins face-off versus Dominic Toninato in neutral zone.
18:10 of 3rd period - Shot by Nikolaj Ehlers.
18:10 of 3rd period - Shot Blocked by MacKenzie Weegar.
18:12 of 3rd period - Shot by Ivan Provorov.
18:12 of 3rd period - Stopped by Ben Bishop without a rebound.
18:13 of 3rd period - Casey Mittelstadt wins face-off versus Aleksander Barkov in UTAH ICE BEARS zone.
18:13 of 3rd period - Casey Mittelstadt is hit by Jamie Benn.
Goals for this period are 0 for UTAH ICE BEARS vs 2 for SACRAMENTO BANDITS.
Shots for this period are 3 for UTAH ICE BEARS vs 13 for SACRAMENTO BANDITS.


NATHAN
MACKINNON
PHILLIP
DANAULT
CONNOR
MCDAVID

EAST COAST

HOCKEY LEAGUE

  • 25.QUE4CHI5
  • 26.CHA2LIM3
  • 27.TRV2LON3
  • 28.CHW4BAL2
  • 29.PITMAN
  • 30.ATLNHW
  • 31.WORPET
  • 32.RHI